cohdb
Replays
Latest Replays
All Replays
Popular Replays
Top Player Replays
Match Explorer
How It Works
Community
CoH3 Stats
Reddit
Sign in to upload your games and track your stats! →
Sign in with Steam
Match 45946594
Unlisted
Match 45946594
Overview
Messages
Build Orders
End
Panzergrenadier Squad
Selects Armored Support Battlegroup
250 Light Carrier
250 Light Carrier
Construct Light Support Kompanie
Panzerjäger Squad
Selects Superior Fire Drills
Panzerjäger Squad
MG34 Team
Construct Mechanized Kompanie
Selects Salvage Kits
Combat Half-tracks
Fire Support Elements
2.5-tonne Medical Truck
Panzerjäger Mechanized Group
Veteran Squad Leaders
Construct Panzerarmee Kommand
Selects Flammpanzer III Medium Tank
2.5-tonne Medical Truck
Armored Reserves
Flammpanzer III Medium Tank
Selects Command Panzer IV F Medium Tank
Command Panzer IV F Medium Tank
Walking Stuka Rocket Launcher
Selects Panzer Storm
Emergency Repair Kits
Panzer IV Assault Group
Selects Stuka Anti-tank Loiter
Flakvierling Half-track
Panzergrenadier Squad
Flakvierling Half-track
Panzerjäger Squad
Panzerjäger Squad
Tiger Heavy Tank
Panzergrenadier Squad
Panzer Storm
Rapid Advance
Panzer Storm
Stuka Anti-tank Loiter
Flare
The Architect
Engine1000
伊卡洛斯俺の嫁
RudyMean
ArKaNaY
CPU - VERY EASY
Cote
0
0
Comments
sign in to comment!
No comments posted yet!